 Dungeon Crawl Stone Soup version 0.28.0-43-g3370ac3207 (webtiles) character file.

Game seed: 9920822097279534420

91 tizbic2 the Grave Robber (level 4, 0/33 HPs)
             Began as a Hill Orc Necromancer on Mar 3, 2022.
             Slain by a goblin
             ... wielding a +0 dagger
             ... led by Robin
              (5 damage)
             ... on level 3 of the Dungeon.
             The game lasted 00:12:31 (3245 turns).

tizbic2 the Grave Robber (Hill Orc Necromancer)     Turns: 3245, Time: 00:12:31

Health: 0/33       AC:  3    Str: 18    XL:     4   Next: 59%
Magic:  3/6        EV:  9    Int: 15    God:
Gold:   129        SH:  7    Dex: 11    Spells: 2/6 levels left

rFire   . . .      SeeInvis .   a - +0 dagger
rCold   . . .      Faith    .   j - +0 kite shield
rNeg    . . .      Spirit   .   e - +0 leather armour
rPois   .          Reflect  .   (no helmet)
rElec   .          Harm     .   g - scarf {repulsion}
rCorr   .          Rampage  .   (no gloves)
Will    .....                   (no boots)
Stlth   +.........              (no amulet)
HPRegen 0.11/turn               h - +6 ring of strength
MPRegen 0.10/turn               (no ring)

@: very slightly contaminated, repel missiles
A: no striking features
a: no special abilities


You were on level 3 of the Dungeon.
You visited 1 branch of the dungeon, and saw 3 of its levels.

You collected 129 gold pieces.

Inventory:

Hand Weapons
 a - a +0 dagger (weapon)
 w - a +0 hunting sling
Missiles
 c - 48 arrows
 d - 13 stones
 f - 24 sling bullets
Armour
 e - a +0 leather armour (worn)
 g - a scarf of repulsion (worn)
 j - a +0 kite shield (worn)
Jewellery
 h - a +6 ring of strength (left hand)
Scrolls
 b - a scroll of teleportation
Potions
 i - a potion of brilliance {unknown}


   Skills:
 + Level 1.3 Staves
 - Level 1.9 Dodging
 - Level 1.5 Stealth
 * Level 1.0 Shields
 - Level 1.9 Spellcasting
 - Level 4.2 Necromancy
 + Level 2.1 Evocations


You had 2 spell levels left.
You knew the following spells:

 Your Spells              Type           Power      Damage    Failure   Level
a - Pain                  Necr           56%        1d6       16%         1
b - Vampiric Draining     Necr           14%        2d7       43%         3

Your spell library contained the following spells:

 Spells                   Type           Power      Damage    Failure   Level
 Animate Skeleton         Necr           28%        N/A       16%         1
 Animate Dead             Necr           7%         N/A       85%         4
 Agony                    Necr           14%        N/A       99%         5


Dungeon Overview and Level Annotations

Branches:
Dungeon (3/15)

Altars:

Shops:
D:1 [

Annotations:
D:3 Robin


Message History

The goblin shouts! x2
A goblin comes into view. It is wielding a +0 dagger.
A goblin comes into view.
It is wielding a +1 dagger of electrocution.
You block the goblin's attack.
The goblin shouts!
The goblin hits you but does no damage. The goblin barely misses you.
The goblin hits you with a +0 club. The goblin hits you with a +0 dagger.
The goblin barely misses you. The goblin hits you with a +0 dagger.
The goblin hits you with a +0 dagger. Robin throws the goblin at you!
The goblin barely misses you. Robin hits you with a +0 mace.
The goblin hits you with a +0 dagger.
A hobgoblin comes into view.
You block Robin's attack. Robin throws the goblin at you!
You block the goblin's attack.
Robin roars a battlecry!
The goblins go into a battle-frenzy!
The goblin hits you with a +0 dagger.
Found a robe.
The goblin hits you with a +0 dagger.
a - a +0 dagger (weapon)
The hobgoblin shouts!
You barely miss the goblin. The goblin completely misses you.
The goblin hits you with a +1 dagger of electrocution.
The goblin hits you with a +0 dagger.
* * * LOW HITPOINT WARNING * * *
You block the goblin's attack.
Casting: Pain (safe; 16% risk of failure)
Confirm with . or Enter, or press ? or * to list all spells.
The spell is extremely dangerous to miscast (43% risk of failure)!
Continue anyway?
Aiming: Vampiric Draining (extremely dangerous; 43% risk of failure)
Press: ? - help, Shift-Dir - straight line, f - goblin
Aim: a goblin, wielding a +1 dagger of electrocution (strong)
You miscast Vampiric Draining.
You are very lightly contaminated with residual magic.
Nothing appears to happen.
You block the goblin's attack. The goblin hits you with a +0 dagger.
* * * LOW HITPOINT WARNING * * *
The goblin hits you with a +0 dagger.
You die...

### ... ###..
......############
###...<.........##
...........)..g...##
################g..########
########.....####ggg........
..g...........†.@gg.........
########.###..gg####.######.
#.# #...g####.g# #.#
#......gg..# #..
#########...# #.. #.#.# #...
#.#.# r.## #.#.# #.#.#


You could see Robin, a hobgoblin (strong) and 7 goblins.

Vanquished Creatures
  A gnoll (D:1)
  4 adders (D:2)
  A worm (D:2)
  3 dart slugs
  A bat (D:1)
  4 endoplasms
  A giant cockroach (D:3)
  5 goblins
  2 hobgoblins (D:1)
  5 kobolds
  4 quokkas
  A ball python (D:1)
  A frilled lizard (D:2)
  6 rats
39 creatures vanquished.

Vanquished Creatures (others)
  A fungus (D:1)
  61 plants (D:1)
62 creatures vanquished.

Grand Total: 101 creatures vanquished

Notes
Turn   | Place    | Note
-------+----------+-------------------------------------------
     0 | D:1      | tizbic2 the Hill Orc Necromancer began the quest for the
                  | Orb.
     0 | D:1      | Reached XP level 1. HP: 14/14 MP: 3/3
   291 | D:1      | Reached XP level 2. HP: 19/20 MP: 4/4
   317 | D:1      | Reached skill level 1 in Evocations
   934 | D:1      | Found a faded altar of an unknown god.
   947 | D:1      | Found Ucuo's Armour Emporium.
  1108 | D:1      | Reached XP level 3. HP: 9/26 MP: 0/5
  1788 | D:2      | Reached skill level 1 in Staves
  1933 | D:2      | Reached XP level 4. HP: 7/33 MP: 0/6
  2481 | D:2      | Learned a level 3 spell: Vampiric Draining
  3179 | D:3      | Reached skill level 1 in Shields
  3209 | D:3      | Noticed Robin
  3245 | D:3      | Slain by a goblin

Illustrated notes

Levels and vault maps discovered:
D:1:      roderic_crop_circles_arrival_small, layout_loops_ring,
          shapermc_ecumenical_altar_mp_ritualfount, serial_shops,
          nicolae_square_shop, kennysheep_minor_cross, minmay_tetromino_s2
D:2:      layout_loops_cross, kennysheep_generic_room_13
D:3:      layout_basic, nicolae_sif_muna_condensation, uniq_robin

Skill      XL: |  1  2  3  4 |
---------------+-------------+-----
Evocations     | 1 2 |  2.1
Staves         | 1 |  1.3
Shields        | 1 |  1.0
Dodging        | |  1.9
Stealth        | |  1.5
Spellcasting   | |  1.9
Necromancy     | |  4.2

Action                   |  1- 3 |  4- 6 || total
-------------------------+-------+-------++-------
Melee: Unarmed           |    13 |       ||    13
       Short sword       |     9 |       ||     9
       Punch             |     3 |       ||     3
       Dagger            |    51 |    45 ||    96
 Fire: Hunting sling     |       |    16 ||    16
 Cast: Pain              |    39 |    10 ||    49
  Use: Scroll            |     1 |       ||     1
       Potion            |       |     2 ||     2
 Stab: Sleeping          |     1 |       ||     1
Armor: Robe              |     6 |       ||     6
       Leather armour    |     7 |    10 ||    17
       Skin              |       |     6 ||     6
Dodge: Dodged            |    30 |    24 ||    54
       Repelled          |       |     1 ||     1
Block: Kite shield       |       |    18 ||    18
